 Dungeon Crawl Stone Soup version 0.32-a0-128-g77eb882913 (webtiles) character file.

Game seed: 2401610989534682633

51 RepHenryClay the Grasshopper (level 3, -3/31 HPs)
             Began as a Gnoll Warper on Jan 19, 2024.
             Slain by an orc
             ... wielding a +0 hand axe
              (6 damage)
             ... on level 3 of the Dungeon on Feb 7, 2024.
             The game lasted 00:03:18 (1668 turns).

RepHenryClay the Grasshopper (Gnoll Warper)         Turns: 1668, Time: 00:03:18

Health: -3/31      AC:  6    Str: 12    XL:     3   Next: 83%
Magic:  9/9        EV: 11    Int: 12    God:
Gold:   60         SH:  0    Dex: 11    Spells: 12/12 levels left

rFire   . . .        a - +0 flail
rCold   . . .        (no shield)
rNeg    . . .        l - +0 ring mail
rPois   .            (no helmet)
rElec   .            o - +0 cloak
rCorr   .            (no gloves)
SInv    .            (no boots)
Will    .....        (no amulet)
Stlth   +            (no ring)
HPRegen 0.25/turn    (no ring)
MPRegen 0.11/turn

%: no passive effects
@: mighty, brilliant
A: fangs 1, strong nose, distributed training
a: no special abilities


You were on level 3 of the Dungeon.
You visited 1 branch of the dungeon, and saw 3 of its levels.

You collected 60 gold pieces.

Inventory:

Hand Weapons
 a - a +0 flail (weapon)
 j - a +2 short sword of flaming
 p - a +0 mace
Missiles
 d - 6 darts of dispersal (quivered)
 n - 3 atropa-tipped darts
Armour
 b - a +0 leather armour
 l - a +0 ring mail (worn)
 o - a +0 cloak (worn)
Scrolls
 c - a scroll of blinking
 e - 5 scrolls of identify {unknown}
 f - a scroll of acquirement {unknown}
 k - 2 scrolls of teleportation {unknown}
 m - 2 scrolls of immolation {unknown}
Potions
 i - 2 potions of brilliance


   Skills:
 + Level 4.6 Fighting
 + Level 1.0 Short Blades
 + Level 1.0 Long Blades
 + Level 1.0 Axes
 + Level 4.6 Maces & Flails
 + Level 1.0 Polearms
 + Level 1.0 Staves
 + Level 1.0 Ranged Weapons
 + Level 2.7 Throwing
 + Level 2.7 Armour
 + Level 4.6 Dodging
 + Level 1.0 Stealth
 + Level 1.0 Shields
 + Level 1.0 Unarmed Combat
 + Level 5.0 Spellcasting
 + Level 0.7 Conjurations
 + Level 0.7 Hexes
 + Level 0.7 Summonings
 + Level 0.7 Necromancy
 + Level 5.4 Translocations
 + Level 0.7 Fire Magic
 + Level 0.7 Ice Magic
 + Level 0.7 Air Magic
 + Level 0.7 Earth Magic
 + Level 0.7 Alchemy
 + Level 1.1 Invocations
 + Level 1.0 Evocations
 + Level 0.9 Shapeshifting


You had 12 spell levels left.
You didn't know any spells.
Your spell library contained the following spells:

 Spells                   Type           Power      Damage    Failure   Level
 Blink                    Tloc           48%        N/A       7%          2
 Lesser Beckoning         Tloc           48%        N/A       7%          2
 Teleport Other           Tloc           24%        N/A       14%         3
 Ensorcelled Hibernation  Hex/Ice        14%        N/A       43%         2
 Manifold Assault         Tloc           24%        N/A       43%         4
 Passwall                 Erth           7%         N/A       67%         3
 Swiftness                Air            7%         N/A       67%         3
 Vhi's Electric Charge    Tloc/Air       30%        N/A       77%         4


Dungeon Overview and Level Annotations

Branches:
Dungeon (3/15)

Altars:
Hepliaklqana


Innate Abilities, Weirdness & Mutations

You have very sharp teeth.
Your uncanny sense of smell can sniff out nearby items.
Your experience applies equally to all skills.


Message History

Welcome back, RepHenryClay the Gnoll Warper.
Press ? for a list of commands and other information.
It was a potion of heal wounds.
You feel much better. The orc hits you with a +0 falchion.
* * * LOW HITPOINT WARNING * * *
The orc hits you from afar with a +0 trident.
* * * LOW HITPOINT WARNING * * *
It was a potion of curing.
You feel better. The orc hits you but does no damage. The orc misses you.
You barely miss the orc.
The orc is almost dead.
The orc barely misses you. The orc hits you but does no damage.
You sock the orc!
You kill the orc!
The orc hits you from afar with a +0 trident.
* * * LOW HITPOINT WARNING * * *
Damage: -10%(-3hp) hp: 39%(12hp) Welcome back, RepHenryClay the Gnoll Warper.
Press ? for a list of commands and other information.
The orc hits you with a +0 trident.
* * * LOW HITPOINT WARNING * * *
Things that are here:
a +0 ring mail; a +0 falchion; Huge Dmg: -9%(-3hp) hp: 30%(9hp) Welcome back, RepHenryClay the Gnoll Warper.
Press ? for a list of commands and other information.
You closely miss the orc. Your punch misses the orc.
The orc hits you with a +0 trident.
* * * LOW HITPOINT WARNING * * *
Huge Dmg: -10%(-3hp) hp: 20%(6hp) Welcome back, RepHenryClay the Gnoll Warper.
Press ? for a list of commands and other information.
You barely miss the orc. The orc hits you with a +0 trident.
* * * LOW HITPOINT WARNING * * *
Huge Dmg: -10%(-3hp) hp: 10%(3hp) Welcome back, RepHenryClay the Gnoll Warper.
Press ? for a list of commands and other information.
You sock the orc!
You kill the orc!
The orc hits you with a +0 hand axe.
You die...

#.#.#...######
#.#.#.###
#.#.#.#########
#.#.#....oo...#
#o#...#######.#
# #.#..## #.#
#.<##.#o######
#.#
..?..........#
#o#
#.###...####.#
#@# #...# #.#
#...# #.# ....#
#.# .###.# #.#
.. ..# #.# # .#
#.# #.# #.#


You could see an orc.

Vanquished Creatures
  2 dart slugs
  A ribbon worm (D:2)
  3 orcs (D:3)
  5 endoplasms
  4 goblins
  3 hobgoblins
  3 jackals (D:1)
  4 kobolds
  2 quokkas (D:1)
  5 ball pythons
  2 bats (D:2)
  4 frilled lizards
  2 rats
40 creatures vanquished.

Notes
Turn   | Place    | Note
-------+----------+-------------------------------------------
     0 | D:1      | RepHenryClay the Gnoll Warper began the quest for the Orb.
     0 | D:1      | Reached XP level 1. HP: 20/20 MP: 6/6
     0 | D:1      | Upgraded the game from 0.32-a0-30-gefbe487952 to
                  | 0.32-a0-128-g77eb882913
   134 | D:1      | Found a faded altar of an unknown god.
   306 | D:1      | Reached XP level 2. HP: 26/26 MP: 7/7
   713 | D:1      | Reached skill level 5 in Spellcasting
   713 | D:1      | Reached XP level 3. HP: 31/31 MP: 7/9
  1011 | D:2      | Reached skill level 1 in Invocations
  1166 | D:2      | Found a hazy altar of Hepliaklqana.
  1544 | D:3      | Reached skill level 1 in Short Blades
  1544 | D:3      | Reached skill level 1 in Long Blades
  1544 | D:3      | Reached skill level 1 in Axes
  1544 | D:3      | Reached skill level 1 in Polearms
  1544 | D:3      | Reached skill level 1 in Staves
  1544 | D:3      | Reached skill level 1 in Ranged Weapons
  1544 | D:3      | Reached skill level 1 in Stealth
  1544 | D:3      | Reached skill level 1 in Shields
  1544 | D:3      | Reached skill level 1 in Unarmed Combat
  1544 | D:3      | Reached skill level 1 in Evocations
  1660 | D:3      | HP: 1/31 [orc/+0 trident (6)]
  1668 | D:3      | Slain by an orc

Illustrated notes

Levels and vault maps discovered:
D:1:      lightli_arrival_farm, layout_basic,
          shapermc_ecumenical_altar_acropolis, supply_closet_lemuel
D:2:      layout_basic, basic_altar, minmay_misc_feat_rugged
D:3:      layout_basic, hangedman_feature_mirror

Skill      XL: |  1  2  3 |
---------------+----------+-----
Spellcasting   | 5 |  5.0
Invocations    | 1 |  1.1
Short Blades   | 1 |  1.0
Long Blades    | 1 |  1.0
Axes           | 1 |  1.0
Polearms       | 1 |  1.0
Staves         | 1 |  1.0
Ranged Weapons | 1 |  1.0
Stealth        | 1 |  1.0
Shields        | 1 |  1.0
Unarmed Combat | 1 |  1.0
Evocations     | 1 |  1.0
Fighting       | |  4.6
Maces & Flails | |  4.6
Throwing       | |  2.7
Armour         | |  2.7
Dodging        | |  4.6
Conjurations   | |  0.7
Hexes          | |  0.7
Summonings     | |  0.7
Necromancy     | |  0.7
Translocations | |  5.4
Fire Magic     | |  0.7
Ice Magic      | |  0.7
Air Magic      | |  0.7
Earth Magic    | |  0.7
Alchemy        | |  0.7
Shapeshifting  | |  0.9

Action                     || total
---------------------------++-------
  Melee: Mace              ||    66
         Bite              ||     5
         Flail             ||    41
         Punch             ||     2
  Throw: Dart              ||     2
    Use: Potion            ||     4
 Armour: Leather armour    ||    14
         Ring mail         ||    47
  Dodge: Dodged            ||    61

Table legend: (Time is in decaauts)
 A = Elapsed time spent in this place.
 B = Non-inter-level travel time spent in this place.
 C = Inter-level travel time spent in this place.
 D = Time resting spent in this place.
 E = Time spent auto-exploring this place.
 F = Levels seen in this place.
 G = Mean time per level.
                   A        B        C        D        E       F      G
               +--------+--------+--------+--------+--------+-----+--------+
         Total |   1708 |   1636 |     72 |     20 |   1289 |   3 |  569.3 |
       Dungeon |   1708 |   1636 |     72 |     20 |   1289 |   3 |  569.3 |
               +--------+--------+--------+--------+--------+-----+--------+

Top non-repeatable levels by time:
     D:1: 979 daAuts
     D:2: 614 daAuts
     D:3: 114 daAuts
